 Dungeon Crawl Stone Soup version 0.31-a0-361-g0f8bd3a31e (webtiles) character file.

Game seed: 11281841624370293482

97 AdnanSaban the Trooper (level 4, 0/29 HPs)
             Began as a Gargoyle Fighter on July 27, 2023.
             Slain by an orc
             ... wielding a +0 dagger
              (2 damage)
             ... on level 2 of the Dungeon.
             The game lasted 00:01:40 (1870 turns).

AdnanSaban the Trooper (Gargoyle Fighter)           Turns: 1870, Time: 00:01:41

Health: 0/29       AC: 12    Str: 21    XL:     4   Next: 68%
Magic:  4/4        EV:  9    Int:  9    God:
Gold:   175        SH:  4    Dex:  9    Spells: 3/3 levels left

rFire   . . .        a - +0 flail
rCold   . . .        c - +0 buckler
rNeg    + . .        b - +0 scale mail
rPois   ∞            (no helmet)
rElec   +            h - +1 cloak
rCorr   .            (no gloves)
SInv    .            (no boots)
Will    .....        (no amulet) Stlth
                     (no ring)
HPRegen 0.24/turn    (no ring)
MPRegen 0.09/turn

%: no passive effects
@: no status effects
A: sickness immunity, AC +3, negative energy resistance 1, electricity
resistance, torment resistance 1, petrification resistance
a: no special abilities


You were on level 2 of the Dungeon.
You visited 1 branch of the dungeon, and saw 3 of its levels.

You collected 175 gold pieces.

Inventory:

Hand Weapons
 a - a +0 flail (weapon)
Armour
 b - a +0 scale mail (worn)
 c - a +0 buckler (worn)
 h - a +1 cloak (worn)
Jewellery
 e - an amulet of reflection
Wands
 p - a wand of flame (15)
Scrolls
 i - 3 scrolls of identify {unknown}
 l - a scroll of teleportation {unknown}
 m - a scroll of fog {unknown}
 n - a scroll of enchant armour {unknown}
 q - a scroll of amnesia {unknown}
 s - a scroll of fear {unknown}
Potions
 d - a potion of might
 f - a potion of lignification {unknown}
 g - a potion of attraction {unknown}
 j - a potion of resistance {unknown}
 k - 2 potions of ambrosia {unknown}
 o - a potion of invisibility {unknown}
 r - a potion of curing {unknown}
 t - 2 potions of haste {unknown}
 u - a potion of brilliance {unknown}


   Skills:
 + Level 3.9 Fighting
 + Level 3.5 Maces & Flails
 + Level 3.7 Armour
 + Level 0.2 Dodging
 + Level 3.7 Shields


You had 3 spell levels left.
You didn't know any spells.
Your spell library was empty.

Dungeon Overview and Level Annotations

Branches:
Dungeon (3/15)

Altars:

Shops:
D:1 *[((


Innate Abilities, Weirdness & Mutations

You are immune to sickness and miasma.
Your stone body is resilient. (AC +3)
You are immune to poison.
You resist negative energy. (rN+)
You are resistant to electric shocks. (rElec)
You are resistant to unholy torment.
You are immune to petrification.


Message History

Beogh smites you!
Ouch! That really hurt!
* * * LOW HITPOINT WARNING * * *
The orc hits you but does no damage. The orc closely misses you.
You barely miss the orc priest. The orc priest hits you with a +0 club.
* * * LOW HITPOINT WARNING * * *
The orc hits you but does no damage. x2
You hit the orc priest.
The orc priest is lightly wounded.
The orc priest hits you but does no damage.
The orc hits you but does no damage. The orc completely misses you.
You barely miss the orc priest.
The orc priest is lightly wounded.
The orc priest barely misses you. The orc hits you but does no damage. x2
The orc priest hits you with a +0 club.
* * * LOW HITPOINT WARNING * * *
The orc barely misses you.
The orc hits you with a +0 dagger of holy wrath.
* * * LOW HITPOINT WARNING * * *
Unknown command.
You hit the orc priest but do no damage.
The orc priest is lightly wounded.
The orc priest hits you with a +0 club.
* * * LOW HITPOINT WARNING * * *
The orc hits you but does no damage. x2
You barely miss the orc priest.
The orc priest is lightly wounded.
The orc priest looks satisfied for a moment.
The orc hits you but does no damage. The orc barely misses you.
You closely miss the orc priest.
The orc priest is lightly wounded.
The orc priest hits you but does no damage.
The orc closely misses you. x2
You closely miss the orc priest.
The orc priest is lightly wounded.
The orc priest casts a cantrip, but nothing happens.
The orc hits you but does no damage. x2
The orc priest looks satisfied for a moment.
The orc hits you with a +0 dagger.
You die...

############ ##..........##
############ ##..[.........##
#..........# #..............#
#..........####..............#
#..........##................#
##..........#o.o..............#
#............o@...............#
#...................<........##
##..........................##
#..........#.....###.#######
####..........#.....##..#
.....................#.##
####.........#.......#.#
#.......#.........#.#
#####...#...##......##.#


You could see an orc priest and 2 orcs.

Vanquished Creatures
  A sleepcap (D:3)
  An adder (D:2)
  2 worms (D:2)
  A dart slug (D:3)
  8 bats
  7 endoplasms
  2 giant cockroaches (D:2)
  4 goblins
  2 hobgoblins (D:1)
  5 jackals (D:2)
  4 quokkas
  4 ball pythons
  4 frilled lizards
  3 kobolds
  A rat (D:2)
49 creatures vanquished.

Notes
Turn   | Place    | Note
-------+----------+-------------------------------------------
     0 | D:1      | AdnanSaban the Gargoyle Fighter began the quest for the
                  | Orb.
     0 | D:1      | Reached XP level 1. HP: 14/14 MP: 1/1
    25 | D:1      | Found Rarasebb's Weapon Emporium.
    89 | D:1      | Reached XP level 2. HP: 18/19 MP: 2/2
   491 | D:1      | Found Amoets's Weapon Boutique.
   516 | D:1      | Found Hutieh's Armour Shoppe.
   586 | D:1      | Found Ziosh's General Store.
   846 | D:1      | Reached XP level 3. HP: 24/24 MP: 3/3
  1286 | D:2      | Reached XP level 4. HP: 29/29 MP: 4/4
  1462 | D:2      | HP: 1/29 [frozen (3)]
  1866 | D:2      | HP: 1/29 [orc/+0 dagger of holy wrath (1)]
  1870 | D:2      | Slain by an orc

Illustrated notes

Levels and vault maps discovered:
D:1:      scummos_arrival_forest, layout_loops_corners, serial_shops,
          nicolae_shop_pleasant_corner_grove, nicolae_shop_crystal,
          nicolae_shop_rolling_square, nicolae_shop_waterfront
D:2:      layout_rooms, minmay_crystal_water
D:3:      layout_basic

Skill      XL: |  1  2  3 |
---------------+----------+-----
Maces & Flails | 3 |  3.5
Fighting       | |  3.9
Armour         | |  3.7
Dodging        | |  0.2
Shields        | |  3.7

Action                     |  1- 3 |  4- 6 || total
---------------------------+-------+-------++-------
  Melee: Flail             |   102 |    52 ||   154
 Armour: Scale mail        |    58 |    48 ||   106
  Dodge: Dodged            |    61 |    41 ||   102
  Block: Buckler           |    24 |    13 ||    37

Table legend: (Time is in decaauts)
 A = Elapsed time spent in this place.
 B = Non-inter-level travel time spent in this place.
 C = Inter-level travel time spent in this place.
 D = Time resting spent in this place.
 E = Time spent auto-exploring this place.
 F = Levels seen in this place.
 G = Mean time per level.
                   A        B        C        D        E       F      G
               +--------+--------+--------+--------+--------+-----+--------+
         Total |   1917 |   1826 |     91 |      0 |   1472 |   3 |  639.0 |
       Dungeon |   1917 |   1826 |     91 |      0 |   1472 |   3 |  639.0 |
               +--------+--------+--------+--------+--------+-----+--------+

Top non-repeatable levels by time:
     D:1: 942 daAuts
     D:2: 819 daAuts
     D:3: 155 daAuts
